 Dungeon Crawl Stone Soup version 0.30-a0-21-g5d08c37080 (webtiles) character file.

Game seed: 12524211415229569845

105 KyoPewz the Magician (level 4, -9/24 HPs)
             Began as a Deep Elf Air Elementalist on Aug 24, 2022.
             Mangled by an iguana (12 damage)
             ... on level 2 of the Dungeon.
             The game lasted 00:11:10 (2389 turns).

KyoPewz the Magician (Deep Elf Air Elementalist)    Turns: 2389, Time: 00:11:10

Health: -9/24      AC:  5    Str:  7    XL:     4   Next: 53%
Magic:  10/12      EV: 12    Int: 27    God:
Gold:   3          SH:  0    Dex: 15    Spells: 1/11 levels left

rFire   . . .      SeeInvis .    m - +1 dagger of the Magic Mushroom {vorpal, Int+7}
rCold   . . .      Faith    .    (no shield)
rNeg    . . .      Spirit   .    a - +0 robe
rPois   .          Reflect  .    (no helmet)
rElec   .          Harm     .    (no cloak)
rCorr   .          Rampage  .    (no gloves)
Will    .....                    d - +2 pair of boots
Stlth   ++........               (no amulet)
HPRegen 0.08/turn                f - ring of flight
MPRegen 0.13/turn                (no ring)

@: flying
A: no striking features
a: no special abilities


You were on level 2 of the Dungeon.
You visited 1 branch of the dungeon, and saw 3 of its levels.

You collected 129 gold pieces.
You spent 126 gold pieces at shops.

Inventory:

Hand Weapons
 m - the +1 dagger of the Magic Mushroom (weapon) {vorpal, Int+7}
   (You bought it in a shop on level 2 of the Dungeon)

   It inflicts extra damage upon your enemies.
   Int:       It affects your intelligence (+7).
Armour
 a - a +0 robe (worn)
 d - a +2 pair of boots (worn)
Jewellery
 f - a ring of flight (left hand)
Scrolls
 e - 3 scrolls of teleportation
Potions
 b - a potion of magic
 c - a potion of attraction {unknown}
 k - a potion of brilliance {unknown}


   Skills:
 - Level 2.4 Dodging
 - Level 2.4 Stealth
 + Level 4.4 Spellcasting
 + Level 2.8 Conjurations
 * Level 4.0 Air Magic


You had one spell level left.
You knew the following spells:

 Your Spells              Type           Power      Damage    Failure   Level
a - Shock                 Conj/Air       96%        1d9       1%          1
b - Static Discharge      Conj/Air       24%        3-6/arc   2%          2
c - Swiftness             Air            27%        N/A       4%          3
d - Airstrike             Air            13%        2d(2-18)  14%         4

Your spell library contained the following spells:

 Spells                   Type           Power      Damage    Failure   Level
 Conjure Ball Lightning   Conj/Air       12%        3x3d6     96%         6
 Discord                  Hex            2%         N/A       100%        8
 Disjunction              Tloc           2%         N/A       100%        8


Dungeon Overview and Level Annotations

Branches:
Dungeon (3/15)

Altars:

Shops:
D:2 (


Message History

HP restored.
Magic restored.
Done exploring.
You can't go up here!
You fly downwards.
The goblin hits you but does no damage. The iguana barely misses you.
The kobold hits you but does no damage.
There is a stone staircase leading up here.
The goblin hits you with a +0 club. The iguana bites you.
The kobold closely misses you.
You fly upwards.
There is a stone staircase leading down here.
You hit the kobold.
The kobold is severely wounded.
The kobold hits you but does no damage. The goblin hits you with a +0 club.
You hit the kobold.
You kill the kobold!
The goblin hits you with a +0 club.
Things that are here:
a +0 club; a +0 dagger; a kobold corpse You hit the goblin.
You kill the goblin!
You hit the iguana but do no damage. The iguana closely misses you.
You barely miss the iguana. The iguana bites you.
Casting: Shock (safe; 1% risk of failure)
Confirm with . or Enter, or press ? or * to list all spells.
The iguana is struck by an arc of lightning.
The iguana is moderately wounded.
You are struck by an arc of lightning.
The iguana is struck by an arc of lightning.
The iguana is severely wounded.
The lightning grounds out.
The iguana bites you.
* * * LOW HITPOINT WARNING * * *
You hit the iguana.
The iguana is almost dead.
The iguana misses you.
You hit the iguana but do no damage.
The iguana is almost dead.
The iguana bites you!
Ouch! That really hurt!
You die...

#.# ##.....#......# ##.#
#.# #####.######## ####..#
#.# #.# #....## #.# #.##
##.#### #.# #..# #..# #.#
##.# ####.## #.# #.#
###....#
#.#############.###...####
#...............@l).###
#####################


You could see an iguana.

Vanquished Creatures
  Terence (D:2)
  Robin (D:3)
  2 adders (D:2)
  2 dart slugs (D:1)
  3 ball pythons
  4 bats
  3 endoplasms
  9 goblins
  5 hobgoblins
  6 kobolds (D:2)
  5 frilled lizards
  3 rats (D:1)
44 creatures vanquished.

Notes
Turn   | Place    | Note
-------+----------+-------------------------------------------
     0 | D:1      | KyoPewz the Deep Elf Air Elementalist began the quest for
                  | the Orb.
     0 | D:1      | Reached XP level 1. HP: 10/10 MP: 6/6
   266 | D:1      | Reached XP level 2. HP: 15/15 MP: 5/8
   269 | D:1      | Learned a level 2 spell: Static Discharge
   349 | D:1      | Found a faded altar of an unknown god.
  1052 | D:2      | Reached XP level 3. HP: 18/19 MP: 1/10
  1056 | D:2      | Learned a level 3 spell: Swiftness
  1695 | D:2      | Noticed Terence
  1745 | D:2      | Killed Terence
  1746 | D:2      | Reached XP level 4. HP: 12/24 MP: 7/12
  1752 | D:2      | Learned a level 4 spell: Airstrike
  2019 | D:2      | Found Opruz's Antique Weapon Boutique.
  2043 | D:2      | Bought a brightly glowing dagger for 126 gold pieces
  2043 | D:2      | Identified the +1 dagger of the Magic Mushroom {vorpal,
                  | Int+7} (You bought it in a shop on level 2 of the Dungeon)
  2266 | D:3      | Noticed Robin
  2275 | D:3      | Killed Robin
  2389 | D:2      | Mangled by an iguana

Illustrated notes

Levels and vault maps discovered:
D:1:      pf_arrival_petrified_forest, layout_loops_ring,
          shapermc_ecumenical_altar_venn
D:2:      layout_basic, serial_shops, shop_coins, uniq_terence
D:3:      layout_rooms, minmay_checkerbox, uniq_robin

Skill      XL: |  1  2  3  4 |
---------------+-------------+-----
Conjurations   | 2 |  2.8
Spellcasting   | 4 |  4.4
Air Magic      | 4 |  4.0
Dodging        | |  2.4
Stealth        | |  2.4

Action                   |  1- 3 |  4- 6 || total
-------------------------+-------+-------++-------
Melee: Dagger            |       |    16 ||    16
 Cast: Shock             |    57 |    18 ||    75
       Static Discharge  |     3 |     2 ||     5
  Use: Scroll            |     1 |     4 ||     5
Armor: Robe              |     1 |     8 ||     9
Dodge: Dodged            |     2 |     8 ||    10

Table legend: (Time is in decaauts)
 A = Elapsed time spent in this place.
 B = Non-inter-level travel time spent in this place.
 C = Inter-level travel time spent in this place.
 D = Time resting spent in this place.
 E = Time spent auto-exploring this place.
 F = Levels seen in this place.
 G = Mean time per level.
                   A        B        C        D        E       F      G
               +--------+--------+--------+--------+--------+-----+--------+
         Total |   2388 |   2332 |     56 |      0 |   2021 |   3 |  796.0 |
       Dungeon |   2388 |   2332 |     56 |      0 |   2021 |   3 |  796.0 |
               +--------+--------+--------+--------+--------+-----+--------+

Top non-repeatable levels by time:
     D:2: 1377 daAuts
     D:1: 938 daAuts
     D:3: 72 daAuts
